 Dungeon Crawl Stone Soup version 0.18.1-50-g88ac8fd (webtiles) character file.

68 yungnami the Ruffian (level 4, -4/66 HPs)
             Began as a Troll Berserker on Oct 6, 2016.
             Was a Believer of Trog.
             Slain by an iguana (7 damage)
             ... on level 4 of the Dungeon.
             The game lasted 00:07:54 (961 turns).

yungnami the Ruffian (Troll Berserker)               Turns: 961, Time: 00:07:55

Health: -4/66      AC:  6    Str: 31    XL:     4   Next: 1%
Magic:  3/3        EV: 10    Int:  3    God:    Trog [**....]
Gold:   115        SH:  0    Dex:  9    Spells: 0 memorised, 3 levels left

rFire  . . .     SeeInvis .     e - -1 spear
rCold  . . .     Gourm    +     a - +1 animal skin
rNeg   . . .     Faith    .     (no shield)
rPois  .         Spirit   .     (helmet restricted)
rElec  .         Dismiss  .     (no cloak)
rCorr  .         Reflect  .     (gloves unavailable)
SustAt +         Harm     .     (boots unavailable)
MR     .....                    g - amulet of rage
Stlth  ..........               (no ring)
                                r - ring of sustain attributes

@: berserking, very quick, not resistant to hostile enchantments, extremely
unstealthy
A: unfitting armour, claws 3, fast metabolism 3, gourmand, regeneration 2,
shaggy fur 1, tough skin 2
a: Berserk, Trog's Hand, Burn Spellbooks, Renounce Religion, Evoke Berserk Rage


You were on level 4 of the Dungeon.
You worshipped Trog.
Trog was pleased with you.
You were full.

You visited 1 branch of the dungeon, and saw 4 of its levels.

You collected 115 gold pieces.

Inventory:

Hand Weapons
 e - a -1 spear (weapon)
Armour
 a - a +1 animal skin (worn)
Jewellery
 g - an amulet of rage (around neck)
 r - a ring of sustain attributes (left claw)
Wands
 p - a wand of slowing (48/48)
Scrolls
 h - a scroll of fog
Potions
 d - a potion of curing {unknown}
 f - a potion of degeneration {unknown}
 k - a potion of magic {unknown}
Comestibles
 b - 2 bread rations
 c - a fruit
 i - 3 chunks of flesh


   Skills:
 + Level 2.9 Fighting
 + Level 0.2 Polearms
 + Level 3.2 Dodging
 + Level 3.5 Unarmed Combat


You had 3 spell levels left.
You didn't know any spells.

Dungeon Overview and Level Annotations

Branches:
Dungeon (4/15)
 Temple: D:4-7

Altars:
Cheibriados
Fedhas
Sif Muna
The Shining One


Innate Abilities, Weirdness & Mutations

You are too large for most types of armour.
You have claws for hands.
Your metabolism is lightning-fast.
You like to eat raw meat.
You heal very quickly.
You are covered in fur (AC +1).
You have very tough skin (AC +2).


Message History

You hit the iguana.
The iguana is moderately wounded.
The iguana bites you.
* * * LOW HITPOINT WARNING * * *
You hit the iguana.
The iguana is heavily wounded.
The iguana bites you.
* * * LOW HITPOINT WARNING * * *
A red film seems to cover your vision as you go berserk!
You feel yourself moving faster!
You feel mighty! The iguana barely misses you.
You puncture the iguana!
The iguana is almost dead.
The iguana bites you!
* * * LOW HITPOINT WARNING * * *
You hit the iguana but do no damage.
The iguana is almost dead.
You closely miss the iguana.
The iguana is almost dead.
The iguana bites you!
You die...

#.. #.## . ....
#..? ... ...>
#..# .... .....
#..# ..... ....
#..##.....
...#........#
#.#.#.#.@l.....#
............#.###
#.#.#.#.#.#.....
#.#.#.###.## #
#.#.#....#
#.#.#.#..#
#.#......#
#.......#
#####.###


You could see an iguana.

Vanquished Creatures
  2 adders (D:4)
  2 oozes
  A worm (D:2)
  A ball python (D:1)
  2 giant cockroaches (D:2)
  6 hobgoblins
  3 jackals (D:4)
  A quokka (D:2)
  4 bats
  A giant newt (D:2)
  3 goblins
  7 kobolds
  6 rats
39 creatures vanquished.

Notes
Turn   | Place    | Note
--------------------------------------------------------------
     0 | D:1      | yungnami the Troll Berserker began the quest for the Orb.
     0 | D:1      | Reached XP level 1. HP: 22/22 MP: 0/0
   166 | D:1      | Reached XP level 2. HP: 22/29 MP: 1/1
   373 | D:2      | Reached XP level 3. HP: 18/36 MP: 2/2
   418 | D:2      | Found a glowing golden altar of the Shining One.
   418 | D:2      | Found a snail-covered altar of Cheibriados.
   419 | D:2      | Found a deep blue altar of Sif Muna.
   443 | D:2      | Found a blossoming altar of Fedhas.
   581 | D:3      | Reached ** piety under Trog
   951 | D:4      | Reached XP level 4. HP: 44/44 MP: 3/3
   959 | D:4      | HP: 2/66 [iguana (12)]
   961 | D:4      | Slain by an iguana

Skill      XL: |  1  2  3 |
---------------+----------+-----
Dodging        | 3 |  3.2
Fighting       | |  2.9
Polearms       | |  0.2
Unarmed Combat | |  3.5

Action                   |  1- 3 |  4- 6 || total
-------------------------+-------+-------++-------
Melee: Unarmed           |    12 |       ||    12
       Spear             |   135 |     9 ||   144
       Punch             |     1 |       ||     1
 Abil: Evoke Berserk Rag |       |     1 ||     1
  Use: Scroll            |     9 |       ||     9
  Eat: Chunk             |    11 |       ||    11
Armor: Animal skin       |    65 |       ||    65
Dodge: Dodged            |    95 |     2 ||    97
